 Dungeon Crawl Stone Soup version 0.27-a0-1308-gc08437e49b (webtiles) character file.

Game seed: 7401291206384246971

63 mordus the Slasher (level 4, -1/35 HPs)
             Began as a Formicid Abyssal Knight on June 18, 2021.
             Was a Follower of Lugonu.
             Slain by a gnoll (6 damage)
             ... on level 2 of the Dungeon.
             The game lasted 00:02:27 (1748 turns).

mordus the Slasher (Formicid Abyssal Knight)        Turns: 1748, Time: 00:02:28

Health: -1/35      AC:  3    Str: 18    XL:     4   Next: 30%
Magic:  6/6        EV: 11    Int: 11    God:    Lugonu [*.....]
Gold:   88         SH:  0    Dex: 10    Spells: 3/3 levels left

rFire    . . .     SeeInvis +   a - +1 falchion
rCold    . . .     Faith    .   (no shield)
rNeg     . . .     Spirit   .   b - +0 leather armour
rPois    .         Reflect  .   (helmet unavailable)
rElec    .         Harm     .   (no cloak)
rCorr    .         Rampage  .   (no gloves)
Will     .....                  (no boots)
Stlth    +.........             (no amulet)
HPRegen  0.11/turn              (no ring)
MPRegen  0.10/turn              (no ring)

@: no status effects
A: permanent stasis, dig shafts and tunnels, antennae 3, four strong arms
a: Dig, Shaft Self, Renounce Religion, Depart the Abyss


You were on level 2 of the Dungeon.
You worshipped Lugonu.
Lugonu was aware of your devotion.
You visited 1 branch of the dungeon, and saw 2 of its levels.
You visited the Abyss 1 time.

You collected 88 gold pieces.

Inventory:

Hand Weapons
 a - a +1 falchion (weapon)
Armour
 b - a +0 leather armour (worn)
Jewellery
 d - a ring of protection from fire
Scrolls
 e - a scroll of enchant armour {unknown}
 f - a scroll of identify {unknown}
Potions
 c - 2 potions of resistance {unknown}


   Skills:
 - Level 3.2 Fighting
 * Level 3.3 Long Blades
 + Level 2.9 Armour
 - Level 0.8 Dodging
 + Level 3.1 Invocations


You had 3 spell levels left.
You didn't know any spells.
Your spell library contained the following spells:

 Spells                   Type           Power      Damage    Failure   Level
 Animate Skeleton         Necr           0%         N/A       38%         1
 Apportation              Tloc           0%         N/A       38%         1
 Beastly Appendage        Tmut           0%         N/A       38%         1
 Corona                   Hex            0%         N/A       38%         1
 Summon Small Mammal      Summ           0%         N/A       38%         1
 Wereblood                Tmut           0%         N/A       54%         2
 Spider Form              Tmut/Pois      0%         N/A       77%         3
 Ice Form                 Ice/Tmut       0%         N/A       99%         4


Dungeon Overview and Level Annotations

Branches:
Dungeon (2/15)

Altars:


Innate Abilities, Weirdness & Mutations

You cannot be hasted, slowed, berserked, paralysed or teleported.
You can dig through walls and to a lower floor.
You have a pair of large antennae on your head. (SInv)
Your four strong arms can wield two-handed weapons with a shield.


Message History

The gnoll is moderately wounded.
The gnoll closely misses you. The gnoll blocks your attack.
The gnoll is moderately wounded.
The gnoll closely misses you. The gnoll blocks your attack.
The gnoll is moderately wounded.
The gnoll closely misses you.
You barely miss the gnoll.
The gnoll is moderately wounded.
The gnoll hits you with a +0 club. The gnoll misses you.
You barely miss the gnoll.
The gnoll is moderately wounded.
The gnoll barely misses you.
You riposte.
You hit the gnoll.
The gnoll is heavily wounded.
The gnoll hits you but does no damage.
You barely miss the gnoll.
The gnoll is moderately wounded.
The gnoll hits you with a +0 club! The gnoll barely misses you.
You riposte.
The gnoll blocks your attack.
The gnoll is moderately wounded.
You hit the gnoll but do no damage.
The gnoll is moderately wounded.
The gnoll closely misses you. The gnoll barely misses you.
The gnoll hits you with a +0 club.
* * * LOW HITPOINT WARNING * * *
The gnoll closely misses you.
You riposte.
You hit the gnoll.
The gnoll is severely wounded.
You hit the gnoll.
The gnoll is almost dead.
The gnoll closely misses you. The gnoll hits you but does no damage.
You hit the gnoll.
You kill the gnoll!
Lugonu accepts your kill. The gnoll hits you with a +0 club.
* * * LOW HITPOINT WARNING * * *
You hit the gnoll.
The gnoll is heavily wounded.
The gnoll hits you with a +0 club.
You die...

.............# #.#
.###.........#######.#####
#.#
##........#...>.......#
#.# ##.#.....#.#####.###.#
#.# #...............# #.#
#.# ####.#.##..########.#
#.# #.#.##............ #.#
#......#########.# #.#
#@.#.### #)#
#######.########)g#)# #..
.........g........#.# #.#
######.#######.####.# #.#
#.# #.# #.# ..# #.# #.#
#.# .#.# ... #.# #.# ....#
#.. ... #.# ## ### #.. #..
#.#


You could see a gnoll.

Vanquished Creatures
  An adder (D:2)
  2 gnolls (D:2)
  2 dart slugs
  4 bats (D:1)
  2 endoplasms
  4 goblins
  4 hobgoblins
  4 jackals (D:1)
  A quokka (D:1)
  A ball python (D:2)
  A frilled lizard (D:2)
  A kobold (D:1)
  2 rats
29 creatures vanquished.

Notes
Turn   | Place    | Note
-------+----------+-------------------------------------------
     0 | Abyss:1  | mordus the Formicid Abyssal Knight began the quest for the
                  | Orb.
     0 | Abyss:1  | Reached XP level 1. HP: 18/18 MP: 2/2
     4 | Abyss:1  | Found a corrupted altar of Lugonu.
     8 | Abyss:1  | Found a corrupted altar of Lugonu.
    65 | Abyss:2  | Noticed an ancient zyme
    80 | Abyss:2  | Noticed an iron imp
    84 | Abyss:2  | Noticed a small abomination
    99 | Abyss:2  | Noticed a glowing orange brain
   104 | D:1      | Escaped the Abyss
   229 | D:1      | Reached XP level 2. HP: 19/24 MP: 3/3
   420 | D:1      | Reached * piety under Lugonu
   663 | D:1      | Reached XP level 3. HP: 15/29 MP: 3/5
  1600 | D:2      | Reached XP level 4. HP: 23/35 MP: 6/6
  1748 | D:2      | Slain by a gnoll

Illustrated notes

Levels and vault maps discovered:
D:1:      lightli_arrival_statue_moat, layout_basic
D:2:      layout_loops_ring, basic_altar

Skill      XL: |  1  2  3 |
---------------+----------+-----
Long Blades    | 3 |  3.3
Invocations    | 3 |  3.1
Fighting       | |  3.2
Armour         | |  2.9
Dodging        | |  0.8

Action                   |  1- 3 |  4- 6 || total
-------------------------+-------+-------++-------
Melee: Falchion          |    77 |    13 ||    90
Invok: Depart the Abyss  |     1 |       ||     1
  Use: Scroll            |     1 |       ||     1
Armor: Leather armour    |    34 |     2 ||    36
Dodge: Dodged            |    62 |    18 ||    80
       Rpst.: Falchion   |    23 |     3 ||    26

Table legend: (Time is in decaauts)
 A = Elapsed time spent in this place.
 B = Non-inter-level travel time spent in this place.
 C = Inter-level travel time spent in this place.
 D = Time resting spent in this place.
 E = Time spent auto-exploring this place.
 F = Levels seen in this place.
 G = Mean time per level.
                   A        B        C        D        E       F      G
               +--------+--------+--------+--------+--------+-----+--------+
         Total |   1762 |   1737 |     25 |    175 |   1238 |   4 |  440.5 |
       Dungeon |   1657 |   1632 |     25 |    175 |   1202 |   2 |  828.5 |
         Abyss |    104 |    104 |      0 |      0 |     36 |   2 |   52.0 |
               +--------+--------+--------+--------+--------+-----+--------+

Top non-repeatable levels by time:
     D:1: 997 daAuts
     D:2: 660 daAuts
 Abyss:2: 86 daAuts
 Abyss:1: 18 daAuts
